 Dungeon Crawl Stone Soup version 0.23.2-30-g0e89c35 (webtiles) character file.

Game seed: 12933205336674729414

97 Fortress the Firebug (level 4, -3/30 HPs)
             Began as a Demonspawn Fire Elementalist on June 11, 2019.
             Slain by a gnoll
             ... wielding a +0 halberd
              (6 damage)
             ... on level 2 of the Dungeon.
             The game lasted 00:08:13 (1861 turns).

Fortress the Firebug (Demonspawn Fire Elementalist) Turns: 1861, Time: 00:08:13

Health: -3/30      AC:  3    Str:  8    XL:     4   Next: 42%
Magic:  1/8        EV: 12    Int: 17    God:
Gold:   64         SH:  0    Dex: 14    Spells: 8/9 levels left

rFire    . . .     SeeInvis .   j - +1 dagger (speed)
rCold    . . .     Gourm    .   (no shield)
rNeg     . . .     Faith    .   a - +0 robe
rPois    .         Spirit   .   (no helmet)
rElec    .         Reflect  .   (no cloak)
rCorr    .         Harm     .   d - +0 pair of gloves
MR       .....                  (no boots)
Stlth    ++........             (no amulet)
HPRegen  0.10/turn              (no ring)
MPRegen  0.11/turn              (no ring)

@: no status effects
A: sturdy frame 2
a: no special abilities


You were on level 2 of the Dungeon.
You were very hungry.

You visited 1 branch of the dungeon, and saw 2 of its levels.

You collected 64 gold pieces.

Inventory:

Hand Weapons
 j - a +1 dagger of speed (weapon)
Missiles
 b - 52 stones (quivered)
 m - 37 sling bullets
Armour
 a - a +0 robe (worn)
 d - a +0 pair of gloves (worn)
Jewellery
 e - an uncursed ring of protection from fire {unknown}
Scrolls
 f - a scroll of random uselessness {unknown}
 g - a scroll of enchant armour {unknown}
 h - a scroll of enchant weapon {unknown}
 i - a scroll of teleportation {unknown}
 k - a scroll of fear {unknown}
 l - a scroll of amnesia {unknown}
 n - a scroll of remove curse {unknown}
Comestibles
 c - 4 rations


   Skills:
 + Level 0.5 Short Blades
 - Level 2.0 Dodging
 + Level 1.9 Stealth
 + Level 3.3 Spellcasting
 + Level 1.7 Conjurations
 + Level 3.3 Fire Magic


You had 8 spell levels left.
You knew the following spells:

 Your Spells              Type           Power        Failure   Level  Hunger
a - Flame Tongue          Conj/Fire      ##...        6%          1    None

Your spell library contained the following spells:

 Spells                   Type           Power        Failure   Level  Hunger
 Throw Flame              Conj/Fire      ##....       9%          2    ##.....
 Conjure Flame            Conj/Fire      ##......     19%         3    ###....
 Inner Flame              Hex/Fire       #.......     26%         3    ###....
 Sticky Flame             Conj/Fire      ##......     52%         4    ####...
 Fireball                 Conj/Fire      ##........   86%         5    ######.


Dungeon Overview and Level Annotations

Branches:
Dungeon (2/15)

Altars:


Innate Abilities, Weirdness & Mutations

Your movements are less encumbered by armour. (ER -4)


Message History

Casting: Flame Tongue (safe; 6% risk of failure)
Confirm with . or Enter, or press ? or * to list all spells.
Aiming: Flame Tongue (safe; 6% risk of failure)
Press: ? - help, Shift-Dir - straight line, f/p - gnoll
Aim: a gnoll, wielding a +0 club (heavily wounded)
The flame tongue hits the gnoll.
The gnoll is severely wounded.
The gnoll hits you from afar with a +0 halberd!
* * * LOW HITPOINT WARNING * * *
The gnoll hits you from afar with a cursed -2 spear.
* * * LOW HITPOINT WARNING * * *
The gnoll closely misses you.
Casting: Flame Tongue (safe; 6% risk of failure)
Confirm with . or Enter, or press ? or * to list all spells.
Aiming: Flame Tongue (safe; 6% risk of failure)
Press: ? - help, Shift-Dir - straight line, f/p - gnoll
Aim: a gnoll, wielding a +0 club (severely wounded)
The flame tongue misses the gnoll.
The gnoll hits you from afar with a +0 halberd.
You die...

#...........##.####
..........#.##.#
####.####.#.# .#
.####.#.##.###
...........#..
#####.#$####.#####
#.........# )....#
#.###.#.#.##g..#.#
#?#...@g....# #
#...##g..##
.......# #.#.#
##.#.... ....#
#.#...# ### # #...#
....# .#..#


You could see 3 gnolls.

Vanquished Creatures
  2 adders (D:2)
  A gnoll (D:2)
  2 oozes
  A worm (D:2)
  A dart slug (D:1)
  2 leopard geckos
  3 ball pythons (D:1)
  4 bats (D:1)
  3 giant cockroaches (D:1)
  9 goblins
  7 hobgoblins
  2 jackals (D:1)
  5 kobolds
  3 frilled lizards
  7 rats
52 creatures vanquished.

Notes
Turn   | Place    | Note
-------+----------+-------------------------------------------
     0 | D:1      | Fortress the Demonspawn Fire Elementalist began the quest
                  | for the Orb.
     0 | D:1      | Reached XP level 1. HP: 13/13 MP: 3/3
   195 | D:1      | Gained mutation: Your movements are slightly less
                  | encumbered by armour. (ER -2) [demonic ancestry]
   195 | D:1      | Reached XP level 2. HP: 7/19 MP: 0/5
   823 | D:1      | Reached XP level 3. HP: 24/24 MP: 4/6
  1428 | D:2      | Gained mutation: Your movements are less encumbered by
                  | armour. (ER -4) [demonic ancestry]
  1428 | D:2      | Reached XP level 4. HP: 9/30 MP: 0/8
  1861 | D:2      | Slain by a gnoll

Skill      XL: |  1  2  3 |
---------------+----------+-----
Dodging        | 2 |  2.0
Fire Magic     | 3 |  3.3
Spellcasting   | 3 |  3.3
Short Blades   | |  0.5
Stealth        | |  1.9
Conjurations   | |  1.7

Action                   |  1- 3 |  4- 6 || total
-------------------------+-------+-------++-------
Melee: Unarmed           |    36 |       ||    36
       Dagger            |    21 |     7 ||    28
Throw: Stone             |     1 |       ||     1
 Cast: Flame Tongue      |    60 |    22 ||    82
  Eat: Chunk             |     1 |     1 ||     2
Armor: Robe              |    10 |     2 ||    12
Dodge: Dodged            |    35 |    17 ||    52
